 Dungeon Crawl Stone Soup version 0.31-a0-1127-ge7b2bbabab (webtiles) character file.

Game seed: 15675477360149807897

25 Jannitor the Sneak (level 2, -3/29 HPs)
             Began as a Troll Delver on Dec 5, 2023.
             Shot with an arrow by a centaur (7 damage)
             ... on level 5 of the Dungeon.
             The game lasted 00:00:49 (165 turns).

Jannitor the Sneak (Troll Delver)                    Turns: 165, Time: 00:00:49

Health: -3/29      AC:  4    Str: 19    XL:     2   Next: 82%
Magic:  1/1        EV: 10    Int:  6    God:
Gold:   30         SH:  0    Dex: 11    Spells: 1/1 levels left

rFire   . .          .
                       - Unarmed
rCold   . . .        (no shield)
rNeg    . . .        a - +0 robe
rPois   .            (helmet restricted)
rElec   .            (no cloak)
rCorr   .            (gloves unavailable)
SInv    .            (boots unavailable)
Will    .....        (no amulet)
Stlth   ++           (no ring)
HPRegen 1.04/turn    (no ring)
MPRegen 0.07/turn

%: no passive effects
@: no status effects
A: large, unfitting armour, claws 3, regeneration 1, shaggy fur 1, tough skin 1
a: no special abilities


You were on level 5 of the Dungeon.
You visited 1 branch of the dungeon, and saw 1 of its levels.

You collected 30 gold pieces.

Inventory:

Armour
 a - a +0 robe (worn)
Talismans
 e - a flux talisman
Wands
 f - a wand of digging (3)
Scrolls
 b - a scroll of fog
 c - a scroll of revelation
 d - a scroll of fear


   Skills:
 + Level 2.6 Fighting
 + Level 1.9 Dodging
 + Level 2.9 Stealth
 + Level 2.3 Unarmed Combat
 + Level 0.2 Shapeshifting


You had one spell level left.
You didn't know any spells.
Your spell library was empty.

Dungeon Overview and Level Annotations

Branches:
Dungeon (5/15)
 Temple: D:4-7

Altars:

Annotations:
D:5 exclusions: centaur, scorpion and sleepcap


Innate Abilities, Weirdness & Mutations

You are too large for most types of armour.
You have claws for hands.
Your natural rate of healing is unusually fast.
You are covered in fur. (AC +1)
You have tough skin. (AC +1)


Message History

You claw the white imp!
You kill the white imp!
You feel sick.
You start resting.
You feel sick. x3
You are no longer poisoned.
You start resting.
HP restored.
Your extra speed is starting to run out.
You see here a flux talisman.
e - a flux talisman Unknown command.
You feel yourself slow down.
An adder comes into view.
The adder hisses angrily.
An orc comes into view.
It is wielding a +3 hand axe of electrocution.
The adder attacks as it pursues you! The adder bites you but does no damage.
The adder attacks as it pursues you! The adder completely misses you.
The adder barely misses you. The adder bites you but does no damage.
You scratch the adder.
The adder is moderately wounded.
The adder bites you.
You scratch the adder.
The adder is almost dead.
The adder bites you but does no damage.
You claw the adder!
You kill the adder!
No target in view!
You start resting.
HP restored.
The orc shouts!
The centaur shouts!
The centaur wields a +0 shortbow.
The centaur shoots an arrow.
The arrow hits you!
You see here a scroll labelled QEFUXT CEMIUD.
The centaur shoots an arrow.
The arrow hits you!
The centaur shoots an arrow.
The arrow hits you.
The centaur shoots an arrow.
The arrow hits you!
* * * LOW HITPOINT WARNING * * *
The centaur shoots an arrow.
The arrow hits you!
You die...

##### #.... #....
############ #....
#..........###########....
............##............
...............#######....
.........@...### ####.
.....o.?.....# #.
....$........# #.
.............# #.
............## ######.
#..........## #...##.
###c########## #...##.
#..........# #...... #
.........# ####...#.


You could see a centaur and an orc.

Vanquished Creatures
  2 adders (D:5)
  A white imp (D:5)
3 creatures vanquished.

Notes
Turn   | Place    | Note
-------+----------+-------------------------------------------
     0 | D:5      | Jannitor the Troll Delver began the quest for the Orb.
     0 | D:5      | Reached XP level 1. HP: 22/22 MP: 0/0
     3 | D:5      | Noticed a centaur
     6 | D:5      | Noticed a sleepcap
    23 | D:5      | Noticed a scorpion
    82 | D:5      | Reached XP level 2. HP: 17/29 MP: 1/1
   165 | D:5      | Shot with an arrow by a centaur

Illustrated notes

Levels and vault maps discovered:
D:5:      layout_rooms, minitemple, nicolae_stop_n_shop_1

Action                     || total
---------------------------++-------
  Melee: Unarmed           ||    12
    Use: Potion            ||     1
 Armour: Robe              ||    15
  Dodge: Dodged            ||     3

Table legend: (Time is in decaauts)
 A = Elapsed time spent in this place.
 B = Non-inter-level travel time spent in this place.
 C = Inter-level travel time spent in this place.
 D = Time resting spent in this place.
 E = Time spent auto-exploring this place.
 F = Levels seen in this place.
 G = Mean time per level.
                   A        B        C        D        E       F      G
               +--------+--------+--------+--------+--------+-----+--------+
         Total |    148 |    148 |      0 |     26 |     54 |   1 |  148.0 |
       Dungeon |    148 |    148 |      0 |     26 |     54 |   1 |  148.0 |
               +--------+--------+--------+--------+--------+-----+--------+

Top non-repeatable levels by time:
     D:5: 148 daAuts
